 Dungeon Crawl Stone Soup version 0.30-a0-371-gad7725a93e (webtiles) character file.

Game seed: 407108722758153784

418 McGhostyFace the Trooper (level 6, -14/53 HPs)
             Began as a Gnoll Wanderer on Nov 21, 2022.
             Was an Initiate of Ashenzari.
             Demolished by a hornet (16 damage)
             ... on level 7 of the Dungeon.
             The game lasted 00:10:25 (4652 turns).

McGhostyFace the Trooper (Gnoll Wanderer)           Turns: 4652, Time: 00:10:26

Health: -14/53     AC:  3    Str:  9    XL:     6   Next: 93%
Magic:  2/11       EV: 14    Int: 13    God:    Ashenzari [......]
Gold:   273        SH:  0    Dex: 14    Spells: 5/12 levels left

rFire   x . .      SeeInvis .    m - +1 short sword (speed)
rCold   + . .      Faith    .    (no shield)
rNeg    . . .      Spirit   .    d - +0 robe
rPois   .          Reflect  .    (no helmet)
rElec   .          Harm     .    b - +0 cloak
rCorr   .          Rampage  .    (no gloves)
Will    .....                    (no boots)
Stlth   ++........               (no amulet)
HPRegen 0.28/turn                q - ring of ice
MPRegen 0.12/turn                (no ring)

@: lethally poisoned (-14 -> -31), slowed, very slow
A: fangs 1, strong nose, distributed training
a: Renounce Religion


You were on level 7 of the Dungeon.
You worshipped Ashenzari.
Ashenzari was noncommittal.
You visited 2 branches of the dungeon, and saw 7 of its levels.
You also visited: Sewer.

You collected 273 gold pieces.

Inventory:

Hand Weapons
 m - a +1 short sword of speed (weapon)
Missiles
 t - 2 throwing nets
Armour
 a - a +0 kite shield
 b - a +0 cloak (worn)
 d - a +0 robe (worn)
Jewellery
 q - a ring of ice (left hand)
Scrolls
 c - 2 scrolls of butterflies
 e - a scroll of vulnerability
 i - a scroll of blinking
 o - 4 scrolls of identify {unknown}
 r - a scroll of enchant weapon {unknown}
Potions
 f - 3 potions of flight {unknown}
 g - 2 potions of cancellation {unknown}
 h - a potion of might {unknown}
 j - 4 potions of mutation {unknown}
 k - a potion of ambrosia {unknown}
 p - a potion of resistance {unknown}
 s - a potion of curing {unknown}


   Skills:
 + Level 6.9 Fighting
 + Level 2.2 Short Blades
 + Level 2.2 Long Blades
 + Level 2.2 Axes
 + Level 2.2 Maces & Flails
 + Level 2.2 Polearms
 + Level 2.2 Staves
 + Level 2.2 Ranged Weapons
 + Level 2.2 Throwing
 + Level 2.2 Armour
 + Level 5.1 Dodging
 + Level 2.2 Stealth
 + Level 2.2 Shields
 + Level 2.2 Unarmed Combat
 + Level 3.6 Spellcasting
 + Level 1.8 Conjurations
 + Level 1.8 Hexes
 + Level 1.8 Summonings
 + Level 1.8 Necromancy
 + Level 1.8 Translocations
 + Level 1.8 Transmutations
 + Level 1.8 Fire Magic
 + Level 1.8 Ice Magic
 + Level 1.8 Air Magic
 + Level 1.8 Earth Magic
 + Level 5.7 Poison Magic
 + Level 2.5 Invocations
 + Level 3.4 Evocations


You had 5 spell levels left.
You knew the following spells:

 Your Spells              Type           Power      Damage    Failure   Level
a - Sting                 Tmut/Pois      48%        1d5       4%          1
b - Ignite Poison         Fire/Tmut/Pois 10%        N/A       19%         3
c - Mephitic Cloud        Conj/Pois/Air  10%        N/A       19%         3

Your spell library contained the following spells:

 Spells                   Type           Power      Damage    Failure   Level
 Freeze                   Ice            40%        1d6       11%         1
 Passwall                 Tmut/Erth      5%         N/A       16%         2
 Gell's Gravitas          Tloc           7%         N/A       30%         3
 Lesser Beckoning         Tloc           14%        N/A       30%         3
 Teleport Other           Tloc           7%         N/A       30%         3
 Ice Form                 Ice/Tmut       10%        N/A       71%         4
 Petrify                  Tmut/Erth      7%         N/A       71%         4
 Simulacrum               Ice/Necr       5%         N/A       100%        6


Dungeon Overview and Level Annotations

Branches:
Dungeon (7/15)             Temple (1/1) D:4           Sewer (visited)

Altars:
Ashenzari
Dithmenos
Elyvilon
Nemelex Xobeh
Ru


Innate Abilities, Weirdness & Mutations

You have very sharp teeth.
Your uncanny sense of smell can sniff out nearby items.
Your experience applies equally to all skills.


Message History

The white imp is almost dead.
The white imp hits you. The white imp freezes you. You resist.
You hit the white imp.
You kill the white imp!
There is an open door here.
You hear the slow hiss of a very distant avalanche of sand.
There is an open door here.
You open the door.
There is an open door here.
You open the door.
Found a pair of gloves.
Found a stone staircase leading down.
A hornet comes into view.
The hornet buzzes angrily.
You hear a shout! x2
There is an open door here.
Casting: Sting (safe; 4% risk of failure)
Confirm with . or Enter, or press ? or * to list all spells.
Aiming: Sting (safe; 4% risk of failure)
Press: ? - help, Shift-Dir - straight line, f - hornet
Aim: a hornet (57% to hit)
The sting hits the hornet.
The hornet is poisoned.
The hornet is lightly wounded.
The hornet stings you.
You are poisoned.
You feel yourself slow down. The hornet stings you.
You feel as though you will be slow longer.
Casting: Sting (safe; 4% risk of failure)
Confirm with . or Enter, or press ? or * to list all spells.
Aiming: Sting (safe; 4% risk of failure)
Press: ? - help, Shift-Dir - straight line, f/p - hornet
Aim: a hornet (moderately wounded, poisoned, 57% to hit)
The sting hits the hornet but does no damage.
The hornet looks even sicker.
The hornet is moderately wounded.
You feel very sick. The hornet stings you!
* * * LOW HITPOINT WARNING * * *
You are more poisoned.
You feel as though you will be slow longer.
The hornet stings you!
You die...

.....#.#....†
#......#.#...<(
......#.#..... ####
#.....#.#..... #...
#...#.#.#..... #....
#...#.#'######
#...[###
#...#.........
#....###...#.....####
#>..@'.'...'.....'...
##..y###...#.....#.##
#...# #...#.###.#.#
...... #####.. ...#
#...... #### .###
#......# .# #.......#
+.......#


You could see a hornet (very poisoned).

Vanquished Creatures
  A black bear (D:7)
  2 bullfrogs (Sewer)
  4 gnolls (D:3)
  6 adders
  A white imp (D:7)
  A worm (D:2)
  2 dart slugs
  2 orcs (D:3)
  10 ball pythons
  3 bats
  12 endoplasms
  8 giant cockroaches
  3 goblins
  2 hobgoblins (D:1)
  9 quokkas
  15 frilled lizards
  7 kobolds
  3 rats
91 creatures vanquished.

Notes
Turn   | Place    | Note
-------+----------+-------------------------------------------
     0 | D:1      | McGhostyFace the Gnoll Wanderer began the quest for the
                  | Orb.
     0 | D:1      | McGhostyFace set off with the following items: a +0 dagger,
                  | a +0 cloak, a scroll of butterflies, a +0 robe, a scroll of
                  | vulnerability; and the following spell memorised: Sting;
                  | and the following spells available to memorise: Ignite
                  | Poison, Mephitic Cloud.
     0 | D:1      | Reached XP level 1. HP: 23/23 MP: 4/4
   144 | D:1      | Reached XP level 2. HP: 22/29 MP: 2/5
   989 | D:2      | Reached XP level 3. HP: 35/35 MP: 0/7
   993 | D:2      | Learned a level 3 spell: Ignite Poison
  1357 | D:2      | Reached skill level 1 in Invocations
  1549 | D:2      | Reached skill level 1 in Short Blades
  1549 | D:2      | Reached skill level 1 in Long Blades
  1549 | D:2      | Reached skill level 1 in Axes
  1549 | D:2      | Reached skill level 1 in Maces & Flails
  1549 | D:2      | Reached skill level 1 in Polearms
  1549 | D:2      | Reached skill level 1 in Staves
  1549 | D:2      | Reached skill level 1 in Ranged Weapons
  1549 | D:2      | Reached skill level 1 in Throwing
  1549 | D:2      | Reached skill level 1 in Armour
  1549 | D:2      | Reached skill level 1 in Stealth
  1549 | D:2      | Reached skill level 1 in Shields
  1549 | D:2      | Reached skill level 1 in Unarmed Combat
  1817 | D:2      | Reached XP level 4. HP: 41/41 MP: 8/8
  2337 | D:3      | Found a shadowy altar of Dithmenos.
  2395 | D:3      | Found a sparkling altar of Nemelex Xobeh.
  2455 | D:3      | Reached skill level 1 in Conjurations
  2455 | D:3      | Reached skill level 1 in Hexes
  2455 | D:3      | Reached skill level 1 in Summonings
  2455 | D:3      | Reached skill level 1 in Necromancy
  2455 | D:3      | Reached skill level 1 in Translocations
  2455 | D:3      | Reached skill level 1 in Transmutations
  2455 | D:3      | Reached skill level 1 in Fire Magic
  2455 | D:3      | Reached skill level 1 in Ice Magic
  2455 | D:3      | Reached skill level 1 in Air Magic
  2455 | D:3      | Reached skill level 1 in Earth Magic
  3017 | D:4      | Found a staircase to the Ecumenical Temple.
  3132 | D:4      | Found a glowing drain.
  3147 | D:4      | Reached XP level 5. HP: 40/47 MP: 9/9
  3154 | Sewer    | Entered a sewer
  3185 | Sewer    | Learned a level 3 spell: Mephitic Cloud
  4186 | Sewer    | Reached skill level 5 in Dodging
  4186 | Sewer    | Reached XP level 6. HP: 17/53 MP: 2/11
  4330 | Sewer    | Got Sif Muna's Folio of Reformation and Ice
  4401 | Temple   | Entered the Ecumenical Temple
  4410 | Temple   | Became a worshipper of Ashenzari the Shackled
  4581 | D:4      | You fall into a shaft and drop 3 floors!
  4595 | D:6      | Noticed a black bear
  4595 | D:6      | Noticed a sky beast
  4605 | D:7      | Killed a black bear
  4649 | D:7      | Noticed a hornet
  4652 | D:7      | HP: 2/53 [hornet (12)]
  4652 | D:7      | Demolished by a hornet

Illustrated notes

Levels and vault maps discovered:
D:1:      eino_arrival_tree_alley, layout_loops_ring,
          chequers_serial_rivers_small_a, minmay_misc_feat_square
D:2:      layout_loops_corners, minmay_unequal
D:3:      layout_basic, mainiacjoe_overflow_paths,
          nicolae_overflow_hidden_temple
D:4:      layout_loops_cross, minmay_temple_entry_stoned_glass,
          gup_sewer_entry_glass, uniq_blork_the_orc
D:6:      layout_cave_pools, grunt_ministairs_7, hangedman_decor_riveting,
          minmay_misc_feat_pillars, kennysheep_generic_room_5
D:7:      layout_basic, nicolae_ossuary_entry_monument, uniq_prince_ribbit1
Temple:   nicolae_temple_superstar

Skill      XL: |  1  2  3  4  5  6 |
---------------+-------------------+-----
Invocations    | 1 2 |  2.5
Short Blades   | 1 2 |  2.2
Long Blades    | 1 2 |  2.2
Axes           | 1 2 |  2.2
Maces & Flails | 1 2 |  2.2
Polearms       | 1 2 |  2.2
Staves         | 1 2 |  2.2
Ranged Weapons | 1 2 |  2.2
Throwing       | 1 2 |  2.2
Armour         | 1 2 |  2.2
Stealth        | 1 2 |  2.2
Shields        | 1 2 |  2.2
Unarmed Combat | 1 2 |  2.2
Spellcasting   | 3 |  3.6
Conjurations   | 1 |  1.8
Hexes          | 1 |  1.8
Summonings     | 1 |  1.8
Necromancy     | 1 |  1.8
Translocations | 1 |  1.8
Transmutations | 1 |  1.8
Fire Magic     | 1 |  1.8
Ice Magic      | 1 |  1.8
Air Magic      | 1 |  1.8
Earth Magic    | 1 |  1.8
Evocations     | 3 |  3.4
Dodging        | 5 |  5.1
Fighting       | |  6.9
Poison Magic   | |  5.7

Action                   |  1- 3 |  4- 6 || total
-------------------------+-------+-------++-------
Melee: Dagger            |    54 |       ||    54
       Bite              |     9 |     7 ||    16
       Short sword       |    20 |    72 ||    92
       Punch             |     1 |     1 ||     2
 Cast: Sting             |    38 |   100 ||   138
       Ignite Poison     |     1 |     4 ||     5
  Use: Scroll            |       |     4 ||     4
 Stab: Sleeping          |     3 |     3 ||     6
Armor: Robe              |    24 |    14 ||    38
Dodge: Dodged            |    58 |   102 ||   160

Table legend: (Time is in decaauts)
 A = Elapsed time spent in this place.
 B = Non-inter-level travel time spent in this place.
 C = Inter-level travel time spent in this place.
 D = Time resting spent in this place.
 E = Time spent auto-exploring this place.
 F = Levels seen in this place.
 G = Mean time per level.
                   A        B        C        D        E       F      G
               +--------+--------+--------+--------+--------+-----+--------+
         Total |   4695 |   4575 |    120 |    710 |   3015 |   8 |  586.9 |
       Dungeon |   3383 |   3263 |    120 |    226 |   2518 |   6 |  563.8 |
        Temple |     18 |     18 |      0 |      0 |      1 |   1 |   18.0 |
         Sewer |   1293 |   1293 |      0 |    484 |    495 |   1 | 1293.0 |
               +--------+--------+--------+--------+--------+-----+--------+

Top non-repeatable levels by time:
   Sewer: 1293 daAuts
     D:2: 1089 daAuts
     D:3: 1027 daAuts
     D:1: 972 daAuts
     D:4: 227 daAuts
     D:7: 64 daAuts
  Temple: 18 daAuts
     D:6: 1 daAuts
